[Event "Titled Tuesday Blitz August 09 Early 2022"]
[White "De Souza, Cristiano Gomes"]
[Black "Hartikainen, Jarmo"]
[WhiteFideId "2151758"]
[BlackFideId "503134"]
[WhiteElo "2068"]
[BlackElo "2122"]
[Result "0-1"]
[Round "10"]
[TimeControl "180+1"]
[Date "2022.08.09"]
[WhiteClock "0:00:06"]
[BlackClock "0:00:15"]

1. d4 Nf6 2. c4 e6 3. Nf3 b6 4. g3 Bb7 5. Bg2 Bb4+ 6. Bd2 Qe7 7. O-O O-O 8. Nc3 Ne4 9. Nxe4 Bxe4 10. a3 Bxd2 11. Qxd2 d6 12. b4 Nd7 13. a4 Rad8 14. a5 c5 15. axb6 Nxb6 16. Qc3 cxd4 17. Qxd4 Qb7 18. Ra5 e5 19. Qa1 Rd7 20. Rc1 Rc8 21. c5 dxc5 22. bxc5 Rdc7 23. Qxe5 Nd7 24. Qa1 Nxc5 25. Nh4 Bxg2 26. Nxg2 Nb3 27. Rxc7 Qxc7 28. Rxa7 Nxa1 29. Rxc7 Rxc7 30. Ne3 Rc1+ 31. Kg2 Nc2 32. Nc4 Ne1+ 33. Kf1 Rxc4 34. Kxe1 f6 35. Kd1 Kf7 36. Kd2 Ke6 0-1


[Site "https://www.chess.com"]

[Event "Titled Tuesday Blitz August 09 Early 2022"]
[White "Degardin, Sylvain"]
[Black "Floresvillar Gonzalez, Luis Migu"]
[WhiteFideId "20623070"]
[BlackFideId "5100542"]
[WhiteElo "2146"]
[BlackElo "2040"]
[Result "1-0"]
[Round "10"]
[TimeControl "180+1"]
[Date "2022.08.09"]
[WhiteClock "0:01:37"]
[BlackClock "0:00:33"]

1. Nh3 d5 2. g3 Bg4 3. d4 c6 4. Bg2 g6 5. O-O h5 6. f3 Bf5 7. e4 dxe4 8. fxe4 Bg4 9. Qd3 Nf6 10. e5 Nd5 11. Ng5 Bf5 12. Rxf5 gxf5 13. Qxf5 Nf6 14. Be3 Nbd7 15. e6 fxe6 16. Qg6# 1-0


[Site "https://www.chess.com"]

[Event "Titled Tuesday Blitz August 09 Early 2022"]
[White "Delorme, Axel"]
[Black "Bashirli, Saadat"]
[WhiteFideId "632023"]
[BlackFideId "13429990"]
[WhiteElo "2474"]
[BlackElo "1173"]
[Result "1-0"]
[Round "10"]
[TimeControl "180+1"]
[Date "2022.08.09"]
[WhiteClock "0:00:26"]
[BlackClock "0:00:03"]

1. d4 d5 2. Nf3 e6 3. e3 c5 4. c3 Nc6 5. Bd3 Nf6 6. Nbd2 cxd4 7. exd4 Bd6 8. O-O O-O 9. Re1 Qc7 10. Qe2 h6 11. Ne5 Bxe5 12. dxe5 Nd7 13. f4 f6 14. exf6 Nxf6 15. Nf3 Bd7 16. Ne5 Nxe5 17. fxe5 Ne4 18. Bxe4 dxe4 19. Qxe4 Rf5 20. Qg4 Rxe5 21. Bxh6 Bc6 22. Bf4 Rxe1+ 23. Rxe1 Qf7 24. Qxe6 Re8 25. Qxf7+ Kxf7 26. Rxe8 Kxe8 27. Kf2 Kf7 28. g3 Kf6 29. h4 Kf5 30. Ke3 g6 31. Kd4 Bd7 32. b3 Bc6 33. c4 Bf3 34. Bb8 a6 35. Bf4 Bc6 36. a3 Bf3 37. Kc5 Bc6 38. b4 Bd7 39. b5 axb5 40. cxb5 Be6 41. a4 Ke4 42. a5 Bd5 43. a6 bxa6 44. bxa6 1-0


[Site "https://www.chess.com"]

[Event "Titled Tuesday Blitz August 09 Early 2022"]
[White "Donchenko, Alexander"]
[Black "Martinez Alcantara, Jose Eduardo"]
[WhiteFideId "24603295"]
[BlackFideId "3805662"]
[WhiteElo "2572"]
[BlackElo "2703"]
[Result "1-0"]
[Round "10"]
[TimeControl "180+1"]
[Date "2022.08.09"]
[WhiteClock "0:00:34"]
[BlackClock "0:00:16"]

1. Nf3 c5 2. c4 Nf6 3. Nc3 e6 4. g3 b6 5. Bg2 Bb7 6. O-O Be7 7. Re1 d6 8. e4 Nc6 9. d4 e5 10. dxe5 dxe5 11. Bg5 O-O 12. Bxf6 Bxf6 13. Nd5 Nd4 14. Qd3 Rc8 15. a3 g6 16. b4 Bg7 17. Rab1 Kh8 18. Bh3 f5 19. Nxd4 cxd4 20. exf5 Rxc4 21. Qxc4 Bxd5 22. Qd3 Qf6 23. Bg2 Bxg2 24. Kxg2 gxf5 25. f3 Bh6 26. Rb2 Be3 27. Rc2 Qg6 28. Rc7 e4 29. fxe4 fxe4 30. Qb5 Bf4 31. Re7 e3 32. Qc4 Rd8 33. Rf1 Bg5 34. Re6 Qg7 35. Qc6 Qd7 36. Rf8+ Kg7 37. Rxd8 Qxd8 38. Re8 Qf6 39. Qd7+ Qf7 40. Qxd4+ Bf6 41. Qxe3 Qd5+ 42. Re4 a5 43. bxa5 bxa5 44. a4 h5 45. h4 Qc6 46. Qf3 Qc2+ 47. Kh3 Qb1 48. Re2 Kg6 49. Qe4+ Qxe4 50. Rxe4 Bc3 51. Rc4 Bb4 52. Rc6+ Kf5 53. Rh6 Ke4 54. Rxh5 Kd3 55. Rf5 Kc3 56. h5 Kd4 57. h6 Ke4 58. Rf7 Bc3 59. h7 Kd5 60. Rf8 Kc4 61. h8=Q Bxh8 62. Rxh8 Kb4 63. Rh4+ Ka3 64. Rf4 Kb3 65. g4 Ka3 66. g5 Kb3 67. g6 Ka3 68. g7 Kb3 69. g8=Q+ Ka3 70. Qg3+ Kb2 71. Rf2+ 1-0


[Site "https://www.chess.com"]

[Event "Titled Tuesday Blitz August 09 Early 2022"]
[White "Drozdowski, Kacper"]
[Black "Blanco Ronquillo, Humberto L."]
[WhiteFideId "1136720"]
[BlackFideId "3504239"]
[WhiteElo "2485"]
[BlackElo "2425"]
[Result "1/2-1/2"]
[Round "10"]
[TimeControl "180+1"]
[Date "2022.08.09"]
[WhiteClock "0:00:42"]
[BlackClock "0:00:14"]

1. e4 c5 2. Nf3 Nc6 3. Nc3 g6 4. Bb5 Nd4 5. O-O Bg7 6. Re1 a6 7. Bc4 e6 8. Nxd4 cxd4 9. Ne2 Ne7 10. d3 d5 11. exd5 Nxd5 12. Nf4 Ne7 13. Qf3 O-O 14. Bd2 Rb8 15. Bb3 b5 16. Rad1 Bb7 17. Qh3 Nd5 18. Nxd5 Bxd5 19. Bh6 Rc8 20. Bxg7 Kxg7 21. Re2 Bxb3 22. axb3 Rc5 23. Qg3 Qf6 24. Qd6 Rfc8 25. Rdd2 a5 26. h3 R8c6 27. Qb8 h5 28. Qa8 b4 29. Qb8 Rg5 30. Kf1 Rgc5 31. Qg3 Qf5 32. Qh4 Qd5 33. Qf4 e5 34. Qg3 Rf6 35. Kg1 Rf4 36. f3 h4 37. Qe1 g5 38. Re4 Rf6 39. Rde2 Re6 40. Qd2 f6 41. Re1 Rec6 42. Rc1 Qd7 43. Re2 Qc7 44. Qd1 Kg6 45. Rd2 Qa7 46. Qe2 a4 47. bxa4 Qxa4 48. b3 Qa7 49. Kh1 Qc7 50. Qe4+ Kg7 51. Qe2 Rc3 52. Ra1 Rxc2 53. Kh2 Rc1 54. Rda2 R6c2 55. Rxc1 Rxc1 56. Qe4 Rc5 57. Kh1 Rc1+ 58. Kh2 Rc5 59. Kh1 Rc1+ 60. Kh2 1/2-1/2


[Site "https://www.chess.com"]

[Event "Titled Tuesday Blitz August 09 Early 2022"]
[White "Drygalov, Sergey"]
[Black "Andreikin, Dmitry"]
[WhiteFideId "24171743"]
[BlackFideId "4158814"]
[WhiteElo "2523"]
[BlackElo "2736"]
[Result "0-1"]
[Round "10"]
[TimeControl "180+1"]
[Date "2022.08.09"]
[WhiteClock "0:00:06"]
[BlackClock "0:00:11"]

1. d4 d5 2. c4 e6 3. Nf3 Nf6 4. Nc3 a6 5. cxd5 exd5 6. Bg5 Be6 7. e3 Nbd7 8. Bd3 Bd6 9. O-O c6 10. Nd2 h6 11. Bh4 g5 12. Bg3 Bxg3 13. fxg3 Qe7 14. Rb1 O-O-O 15. b4 Bg4 16. Qe1 Rhe8 17. e4 dxe4 18. Ndxe4 Nxe4 19. Nxe4 f5 20. Nc3 Qe3+ 21. Qxe3 Rxe3 22. Rbd1 Bxd1 23. Rxd1 Kc7 24. Kf2 f4 25. gxf4 gxf4 26. Ne2 Nf6 27. Bf5 Ne4+ 28. Bxe4 Rxe4 29. Rd2 Rde8 30. Kf3 Re3+ 31. Kf2 Ra3 32. Nxf4 Kd6 33. h4 Re4 34. g3 Ree3 35. Ne2 Rf3+ 36. Kg2 Rfd3 37. Rc2 a5 38. bxa5 Rxa5 39. Kf2 Rf5+ 40. Kg2 Ra5 41. Rb2 b5 42. Rc2 Rda3 43. Nc1 R5a4 44. Rd2 Kd5 45. Kh3 Rxd4 46. Rf2 Rc4 47. Ne2 c5 48. h5 Rxa2 49. Nf4+ Rxf4 50. Rxa2 Ra4 51. Rd2+ Rd4 52. Rf2 b4 53. g4 b3 54. Kg3 Rb4 55. Rb2 c4 56. Rd2+ Kc5 57. g5 c3 58. Rd8 b2 59. Rc8+ Kd6 60. Rd8+ Ke7 61. Rd1 c2 62. Re1+ Kf7 63. g6+ Kf6 64. Rf1+ Kg7 65. Rf7+ Kg8 66. Rd7 c1=Q 67. Rd8+ Kg7 68. Rd7+ Kf6 69. Rf7+ Ke6 0-1


[Site "https://www.chess.com"]

[Event "Titled Tuesday Blitz August 09 Early 2022"]
[White "Eynullayev, Altay"]
[Black "Siva Mahadevan"]
[WhiteFideId "13413562"]
[BlackFideId "25043153"]
[WhiteElo "2079"]
[BlackElo "2203"]
[Result "1-0"]
[Round "10"]
[TimeControl "180+1"]
[Date "2022.08.09"]
[WhiteClock "0:01:04"]
[BlackClock "0:00:11"]

1. e4 c5 2. Nf3 Nc6 3. Bb5 Na5 4. Be2 a6 5. O-O b5 6. a4 b4 7. d4 cxd4 8. Nxd4 e6 9. c3 Bb7 10. cxb4 Bxb4 11. Nc3 Nf6 12. f3 O-O 13. Be3 Rc8 14. Rc1 Nc4 15. Bxc4 Rxc4 16. Qd3 Qc8 17. e5 Bxc3 18. exf6 Bxd4 19. Rxc4 Bxe3+ 20. Kh1 Qxc4 21. Qxc4 gxf6 22. Qd3 Bf4 23. Qxd7 Bd5 24. b4 Rb8 25. b5 axb5 26. axb5 Rb7 27. Qe8+ Kg7 28. Rb1 Be3 29. h4 Ba2 30. Rb2 Bd5 31. Rb1 Ba2 32. Rb4 h5 33. Qd8 Bd5 34. b6 Bc5 35. Rb5 Bf2 36. Rxd5 exd5 37. Qxd5 Rxb6 38. Qxh5 Bg3 39. Qg4+ 1-0


[Site "https://www.chess.com"]

[Event "Titled Tuesday Blitz August 09 Early 2022"]
[White "Eynullayev, Atilla"]
[Black "Vazquez Espino, Uriel"]
[WhiteFideId "13413570"]
[BlackFideId "5119138"]
[WhiteElo "1936"]
[BlackElo "2394"]
[Result "1-0"]
[Round "10"]
[TimeControl "180+1"]
[Date "2022.08.09"]
[WhiteClock "0:02:30"]
[BlackClock "0:00:55"]

1. d4 Nf6 2. c4 e6 3. Nc3 Bb4 4. e3 b6 5. Ne2 O-O 6. a3 Be7 7. d5 Ba6 8. Ng3 Re8 9. Be2 exd5 10. cxd5 Bxe2 11. Qxe2 Bd6 12. O-O g6 13. e4 c6 14. Bg5 Be7 15. d6 Bxd6 16. f4 Be7 17. e5 Nd5 18. Bxe7 Qxe7 19. Nxd5 cxd5 20. Qf3 Qc5+ 21. Kh1 Nc6 22. Rac1 Qb5 23. Qg4 Rac8 24. Nh5 f5 25. exf6 Kf7 26. Qxd7+ 1-0


[Site "https://www.chess.com"]

[Event "Titled Tuesday Blitz August 09 Early 2022"]
[White "Filippova, Margarita"]
[Black "Grot, Blazej"]
[WhiteFideId "34199680"]
[BlackFideId "21835845"]
[WhiteElo "1734"]
[BlackElo "1614"]
[Result "0-1"]
[Round "10"]
[TimeControl "180+1"]
[Date "2022.08.09"]
[WhiteClock "0:00:24"]
[BlackClock "0:00:39"]

1. Nf3 Nf6 2. d4 e6 3. Bf4 d5 4. e3 c5 5. c3 Bd6 6. Bg3 Nc6 7. Nbd2 Qe7 8. Ne5 O-O 9. Bd3 Nd7 10. f4 f6 11. Nxc6 bxc6 12. O-O cxd4 13. exd4 c5 14. Nf3 cxd4 15. Nxd4 Nc5 16. Bc2 Bb7 17. Qe2 Rae8 18. Rfe1 Qc7 19. Qh5 g6 20. Qg4 f5 21. Qe2 Bxf4 22. Bxf4 Qxf4 23. Qb5 Qc7 24. Rad1 e5 25. Nf3 a6 26. Qe2 Ne4 27. Nd2 Qc5+ 28. Qe3 d4 29. Bb3+ Kg7 30. Nxe4 Bxe4 31. cxd4 exd4 32. Qxd4+ Qxd4+ 33. Rxd4 Rd8 34. Red1 Rxd4 35. Rxd4 Rc8 36. Rd7+ Kh6 37. h4 Rc1+ 38. Kh2 Rb1 39. Bg8 Kh5 40. Kh3 h6 41. Rd6 Rxb2 42. Bf7 Rxg2 43. Re6 Rg4 44. Rxa6 Rxh4+ 45. Kg3 Rg4+ 46. Kh3 f4 47. Bc4 Bf5 48. Be2 Kg5 49. Bxg4 Bxg4+ 50. Kg2 h5 51. a4 Bf5 52. Ra7 Kg4 53. Rg7 g5 54. a5 Be4+ 55. Kf2 h4 56. a6 h3 57. Re7 h2 58. Rxe4 h1=Q 59. Re1 Qh2+ 0-1


[Site "https://www.chess.com"]

[Event "Titled Tuesday Blitz August 09 Early 2022"]
[White "Garrido, Denis"]
[Black "D`Arruda, Ricardo D."]
[WhiteFideId "601217"]
[BlackFideId "100692"]
[WhiteElo "2352"]
[BlackElo "2470"]
[Result "1/2-1/2"]
[Round "10"]
[TimeControl "180+1"]
[Date "2022.08.09"]
[WhiteClock "0:01:17"]
[BlackClock "0:01:23"]

1. e4 c5 2. Nf3 Nc6 3. Bb5 g6 4. O-O Bg7 5. Re1 Nf6 6. e5 Nd5 7. Nc3 Nc7 8. Bxc6 dxc6 9. Ne4 Ne6 10. d3 O-O 11. Be3 b6 12. Qd2 Re8 13. Bh6 Bh8 14. h4 Nd4 15. Nxd4 cxd4 16. Qf4 Bf5 17. Ng3 Be6 18. h5 c5 19. Ne4 Bf5 20. Ng5 f6 21. Nf3 Qd7 22. Re2 Bg4 23. exf6 exf6 24. Rae1 Bxh5 25. Rxe8+ Rxe8 26. Rxe8+ Qxe8 27. g4 g5 28. Nxg5 fxg5 29. Qxg5+ Bg6 30. Qd5+ Bf7 31. Qg5+ Bg6 32. Qd5+ Qf7 33. Qd8+ Qe8 34. Qd5+ 1/2-1/2


[Site "https://www.chess.com"]

[Event "Titled Tuesday Blitz August 09 Early 2022"]
[White "Gheorghiu, Calin"]
[Black "Gubanov, Oleg"]
[WhiteFideId "1200305"]
[BlackFideId "14115115"]
[WhiteElo "2168"]
[BlackElo "2080"]
[Result "0-1"]
[Round "10"]
[TimeControl "180+1"]
[Date "2022.08.09"]
[WhiteClock "0:00:01"]
[BlackClock "0:00:38"]

1. d4 b5 2. e4 Bb7 3. Bd3 Nf6 4. Qe2 c5 5. c3 cxd4 6. cxd4 Nc6 7. Nf3 Nb4 8. Nc3 Nxd3+ 9. Qxd3 b4 10. e5 bxc3 11. exf6 cxb2 12. Bxb2 gxf6 13. O-O e6 14. Rfe1 Bd5 15. Nh4 Rb8 16. Bc3 Be7 17. Re3 Qc7 18. Rae1 Qc4 19. Qd2 Qxa2 20. Qd3 Qc4 21. Qd2 Rg8 22. g3 Bc6 23. f3 Qd5 24. Qd3 Rg7 25. Ng2 Rb3 26. Nf4 Qb5 27. Qd2 Rg5 28. d5 Bxd5 29. Nxd5 Rxd5 30. Qc2 Rc5 31. Qxh7 Rbxc3 32. Qg8+ Bf8 0-1


[Site "https://www.chess.com"]

[Event "Titled Tuesday Blitz August 09 Early 2022"]
[White "Ginzburg, Yakov"]
[Black "Tica, Sven"]
[WhiteFideId "4157176"]
[BlackFideId "14526948"]
[WhiteElo "2265"]
[BlackElo "2350"]
[Result "1-0"]
[Round "10"]
[TimeControl "180+1"]
[Date "2022.08.09"]
[WhiteClock "0:00:08"]
[BlackClock "0:00:10"]

1. e4 g6 2. h4 c5 3. h5 Nc6 4. Bc4 Bg7 5. d3 e6 6. h6 Bf6 7. g4 d5 8. Bb3 b5 9. c3 dxe4 10. dxe4 Qxd1+ 11. Bxd1 Bb7 12. Be3 Ne5 13. Be2 Bxe4 14. Bxb5+ Kd8 15. f3 Nxf3+ 16. Nxf3 Bxf3 17. O-O Bxg4 18. Bxc5 Rb8 19. Na3 Be7 20. Bxa7 Rb7 21. Bd4 f6 22. Bc6 Rb8 23. Nc4 Be2 24. Rfd1 Bxd1 25. Rxd1 Kc7 26. Ba4 Nxh6 27. Bb6+ Kb7 28. Rd7+ Kc8 29. Rc7+ Kd8 30. Rb7+ Kc8 31. Rc7+ Kd8 32. Rd7+ Kc8 33. Rxe7 Nf5 34. Rc7+ Kd8 35. Rxh7+ 1-0


[Site "https://www.chess.com"]

[Event "Titled Tuesday Blitz August 09 Early 2022"]
[White "Graham, Nathaniel"]
[Black "Tuleyeva-Aketayeva, Dana"]
[WhiteFideId "2007983"]
[BlackFideId "13701932"]
[WhiteElo "2283"]
[BlackElo "1849"]
[Result "0-1"]
[Round "10"]
[TimeControl "180+1"]
[Date "2022.08.09"]
[WhiteClock "0:00:02"]
[BlackClock "0:00:38"]

1. e4 c5 2. Nf3 Nc6 3. d4 cxd4 4. Nxd4 g6 5. Nc3 Bg7 6. Nb3 Nf6 7. Be2 O-O 8. O-O d6 9. Re1 b6 10. Bf1 Bb7 11. Nd5 Ne5 12. a4 Ned7 13. a5 Nxd5 14. exd5 Nf6 15. c4 Nd7 16. a6 Bc8 17. Nd4 Nb8 18. Bg5 Re8 19. b4 Bxa6 20. Rxa6 Nxa6 21. Nc6 Qd7 22. Bxe7 Nxb4 23. Nxb4 Rxe7 24. Rxe7 Qxe7 25. Nc6 Qd7 26. Qb3 Be5 27. g3 h6 28. Qb5 Qe8 29. Qa6 h5 30. Qb7 Bf6 31. Nxa7 Qb8 32. Qxb8+ Rxb8 33. Nb5 Be7 0-1


[Site "https://www.chess.com"]

[Event "Titled Tuesday Blitz August 09 Early 2022"]
[White "Gurevich, Dmitry"]
[Black "Dushyant Sharma"]
[WhiteFideId "2000407"]
[BlackFideId "25065130"]
[WhiteElo "2506"]
[BlackElo "2133"]
[Result "1-0"]
[Round "10"]
[TimeControl "180+1"]
[Date "2022.08.09"]
[WhiteClock "0:00:15"]
[BlackClock "0:00:11"]

1. d4 d5 2. c4 e6 3. Nc3 f5 4. Bf4 c6 5. e3 Nf6 6. Nf3 Bd6 7. Ne5 O-O 8. g3 Ne4 9. h4 Qe7 10. Bg2 Nd7 11. Nxd7 Bxd7 12. O-O Bxf4 13. exf4 Qb4 14. cxd5 exd5 15. Rc1 Qxb2 16. Nxe4 fxe4 17. Rb1 Qxa2 18. Rxb7 Be6 19. Qh5 Rab8 20. Rxb8 Rxb8 21. Qe5 Re8 22. Rc1 Qa4 23. Qd6 Bf7 24. Rxc6 Qd1+ 25. Kh2 Qe2 26. Qd7 Qxf2 27. Rc8 Kf8 28. Rxe8+ Bxe8 29. Qd6+ Kg8 30. Qxd5+ Kf8 31. Qxe4 a5 32. d5 Qd2 33. Qe5 a4 34. d6 Bc6 35. Qe7+ Kg8 36. Qd8+ Kf7 37. Qc7+ Ke6 38. Qxc6 Qxd6 39. Qxd6+ Kxd6 40. Be4 a3 41. Bb1 Kc5 42. Ba2 Kd4 43. g4 Ke4 44. Kg3 g6 45. g5 Ke3 46. Kg4 Ke4 47. Bb1+ Kd4 48. f5 gxf5+ 49. Kxf5 Kc3 50. Ba2 Kd4 51. h5 Kc3 52. g6 hxg6+ 53. hxg6 Kb2 54. Be6 a2 55. Bxa2 1-0


[Site "https://www.chess.com"]

[Event "Titled Tuesday Blitz August 09 Early 2022"]
[White "Hoffmann, Asa"]
[Black "Yedidia, Daniel"]
[WhiteFideId "2001470"]
[BlackFideId "30905907"]
[WhiteElo "2117"]
[BlackElo "2542"]
[Result "0-1"]
[Round "10"]
[TimeControl "180+1"]
[Date "2022.08.09"]
[WhiteClock "0:00:06"]
[BlackClock "0:00:08"]

1. d4 Nf6 2. Bg5 c5 3. d5 Qb6 4. Nc3 d6 5. e4 Nbd7 6. Rb1 g6 7. Qd2 Bg7 8. Be2 h6 9. Bf4 Qa5 10. f3 a6 11. a4 g5 12. Be3 Ne5 13. h3 Ng6 14. g3 Bd7 15. f4 gxf4 16. gxf4 b5 17. Bf3 b4 18. Nce2 Qxa4 19. b3 Qb5 20. Ng3 a5 21. N1e2 h5 22. O-O Bxh3 23. Rf2 Ng4 24. e5 Nxf2 25. Bxf2 Bg4 26. Bxg4 hxg4 27. exd6 exd6 28. Qe3+ Kf8 29. Nf5 Qd7 30. Neg3 Re8 31. Qd2 Bc3 32. Qd1 Rg8 33. Qxg4 Ne7 34. Qh5 Nxf5 35. Kg2 Nxg3 36. Bxg3 Qg4 37. Qh6+ Ke7 38. Qh2 Kd7 39. Rf1 Re2+ 40. Rf2 Rxf2+ 41. Kxf2 Re8 42. Qg2 Re2+ 43. Kg1 Bd4+ 44. Kh2 Rxg2+ 45. Kxg2 Be3 46. f5 Bf4 47. Kf2 Qxg3+ 0-1


[Site "https://www.chess.com"]

[Event "Titled Tuesday Blitz August 09 Early 2022"]
[White "Hosseinzadeh, Nima"]
[Black "Bharath Subramaniyam H"]
[WhiteFideId "12505323"]
[BlackFideId "46634827"]
[WhiteElo "2045"]
[BlackElo "2346"]
[Result "0-1"]
[Round "10"]
[TimeControl "180+1"]
[Date "2022.08.09"]
[WhiteClock "0:00:15"]
[BlackClock "0:00:57"]

1. e4 c5 2. Nf3 d6 3. d4 cxd4 4. Nxd4 Nf6 5. Nc3 a6 6. h3 e5 7. Nb3 Be6 8. g4 h6 9. Bg2 Nc6 10. Be3 b5 11. a4 b4 12. Nd5 Bxd5 13. exd5 Na5 14. Qd3 Be7 15. O-O-O O-O 16. Kb1 Qc7 17. Nxa5 Qxa5 18. b3 Rac8 19. Bd2 Rc5 20. Rc1 Rfc8 21. Be3 Rc3 22. Qd2 Nd7 23. h4 Nc5 24. Bxc5 R8xc5 25. g5 h5 26. g6 f5 27. Qe2 Bf6 28. Qxh5 e4 29. Qxf5 Qc7 30. Qxe4 Qc8 31. Rhe1 Kf8 32. Re2 Rxb3+ 33. Ka2 Ra3+ 0-1


[Site "https://www.chess.com"]

[Event "Titled Tuesday Blitz August 09 Early 2022"]
[White "Ianov, Viktor"]
[Black "Maksimenko, Viktor"]
[WhiteFideId "14102730"]
[BlackFideId "13710478"]
[WhiteElo "2152"]
[BlackElo "2269"]
[Result "1-0"]
[Round "10"]
[TimeControl "180+1"]
[Date "2022.08.09"]
[WhiteClock "0:00:10"]
[BlackClock "0:00:23"]

1. Nf3 Nf6 2. g3 d5 3. Bg2 e6 4. O-O Be7 5. c4 O-O 6. b3 a5 7. Bb2 Nc6 8. d4 a4 9. Nbd2 a3 10. Bc3 b6 11. Rc1 Bb7 12. Qc2 Nb4 13. Qb1 c5 14. e3 Rc8 15. Rfd1 Qe8 16. Ne5 Nd7 17. Bxb4 cxb4 18. cxd5 exd5 19. Rxc8 Qxc8 20. Bh3 f5 21. Bxf5 Rxf5 22. Qxf5 Nf6 23. Qxc8+ Bxc8 24. Rc1 Bf5 25. f3 h5 26. Rc6 g5 27. Rxb6 g4 28. fxg4 hxg4 29. Rb8+ Kg7 30. Rb7 Kf8 31. Nc6 Bd6 32. Nxb4 Ne4 33. Nxe4 Bxe4 34. Kf2 Ke8 35. Ke2 Kd8 36. Kd2 Kc8 37. Rb5 Kc7 38. Nd3 Kc6 39. Ra5 Kb6 40. Ra4 Kb5 41. Ra8 Be7 42. Rb8+ Kc6 43. Rg8 Bf5 44. Ne5+ Kb5 45. Nd3 Kc6 46. Rxg4 Kb5 47. Rg7 Bd6 48. Rf7 Bg6 49. Rf6 Bxd3 50. Kxd3 1-0


[Site "https://www.chess.com"]

[Event "Titled Tuesday Blitz August 09 Early 2022"]
[White "Jorquera, Marcelo"]
[Black "Fernandez Hernandez, Gerardo"]
[WhiteFideId "3401197"]
[BlackFideId "2207400"]
[WhiteElo "2136"]
[BlackElo "2179"]
[Result "1-0"]
[Round "10"]
[TimeControl "180+1"]
[Date "2022.08.09"]
[WhiteClock "0:01:07"]
[BlackClock "0:00:02"]

1. e4 e6 2. Qe2 Be7 3. Nf3 d5 4. d3 Nc6 5. g3 Nf6 6. Bg2 dxe4 7. dxe4 e5 8. O-O O-O 9. Rd1 Bd7 10. Bg5 h6 11. Bxf6 Bxf6 12. Bh3 Nd4 13. Nxd4 exd4 14. Bxd7 Qxd7 15. e5 Rfe8 16. f4 Be7 17. Qe4 Bc5 18. Kg2 Qb5 19. b3 Rad8 20. Nd2 b6 21. Nf3 Re7 22. a4 Qb4 23. Rd3 Red7 24. Rad1 Qa3 25. f5 Qb2 26. R1d2 Qc1 27. g4 Re7 28. h3 1-0


[Site "https://www.chess.com"]

[Event "Titled Tuesday Blitz August 09 Early 2022"]
[White "Kazancev, Valerij M"]
[Black "Goldin, Roman"]
[WhiteFideId "4179609"]
[BlackFideId "2803860"]
[WhiteElo "2534"]
[BlackElo "2312"]
[Result "1-0"]
[Round "10"]
[TimeControl "180+1"]
[Date "2022.08.09"]
[WhiteClock "0:00:56"]
[BlackClock "0:00:02"]

1. c4 e5 2. Nc3 Nf6 3. g3 d5 4. cxd5 Nxd5 5. Bg2 Nb6 6. a4 a5 7. Nf3 Nc6 8. O-O g6 9. d4 exd4 10. Nb5 Bg7 11. Bf4 Nd5 12. Nfxd4 Nxd4 13. Bxd5 Nxb5 14. axb5 O-O 15. Rc1 Bxb2 16. Rc2 Qf6 17. Bxc7 a4 18. Qb1 a3 19. e4 Bd4 20. Kg2 Re8 21. f4 Qe7 22. Rd1 Qd7 23. Rxd4 Qh3+ 24. Kg1 Bg4 25. Qa2 Be6 26. Bxe6 Rxe6 27. e5 Ree8 28. b6 Ra5 29. Rc3 h5 30. Rxa3 Rxa3 31. Qxa3 h4 32. Qf3 Ra8 33. Rd8+ Rxd8 34. Bxd8 Qd7 35. Bxh4 1-0


[Site "https://www.chess.com"]

[Event "Titled Tuesday Blitz August 09 Early 2022"]
[White "Khabinets, Ivan"]
[Black "Karttunen, Mika"]
[WhiteFideId "14115980"]
[BlackFideId "502081"]
[WhiteElo "2114"]
[BlackElo "2343"]
[Result "1-0"]
[Round "10"]
[TimeControl "180+1"]
[Date "2022.08.09"]
[WhiteClock "0:01:21"]
[BlackClock "0:00:02"]

1. e4 c5 2. Nf3 d6 3. Bb5+ Nc6 4. O-O Bd7 5. c3 a6 6. Ba4 Ne5 7. Bc2 Bg4 8. d4 Nxf3+ 9. gxf3 Bh3 10. Re1 Rc8 11. Bd3 e5 12. dxe5 dxe5 13. Bf1 Be6 14. Qxd8+ Rxd8 15. Be3 Nf6 16. Nd2 Be7 17. Nc4 Nd7 18. Rad1 O-O 19. Nd6 Rb8 20. Bc4 Bxc4 21. Nxc4 Rfd8 22. Rd5 f6 23. Red1 Nf8 24. Rxd8 Rxd8 25. Rxd8 Bxd8 26. Bxc5 Ne6 27. Be3 Bc7 28. Kf1 b5 29. Nd2 g5 30. c4 Kf7 31. cxb5 axb5 32. Ke2 Ke7 33. Kd3 Kd6 34. b4 Kc6 35. Nb3 Bd6 36. a3 h5 37. Na5+ Kc7 38. Kc3 h4 39. h3 Nf8 40. Kb3 Nd7 41. a4 bxa4+ 42. Kxa4 Nf8 43. Kb5 Ne6 44. Nc4 Be7 45. Nb6 Kd6 46. Bc5+ Nxc5 47. bxc5+ Kc7 48. Nd5+ Kd7 49. c6+ Ke6 50. Nxe7 1-0


[Site "https://www.chess.com"]

[Event "Titled Tuesday Blitz August 09 Early 2022"]
[White "Khripachenko, Alexander"]
[Black "Omariev, Maksim"]
[WhiteFideId "54184975"]
[BlackFideId "4193423"]
[WhiteElo "2233"]
[BlackElo "2514"]
[Result "1-0"]
[Round "10"]
[TimeControl "180+1"]
[Date "2022.08.09"]
[WhiteClock "0:02:29"]
[BlackClock "0:00:13"]

1. e4 c5 2. Nf3 d6 3. d4 cxd4 4. Qxd4 a6 5. h3 Nc6 6. Qe3 g6 7. Be2 Bg7 8. O-O Nf6 9. c4 O-O 10. Nc3 e6 11. Rd1 Qe7 12. Rb1 Rd8 13. b3 d5 14. exd5 exd5 15. Qxe7 Nxe7 16. Ba3 Rd7 17. Ne5 Nc6 18. Nxd7 Bxd7 19. Nxd5 Nxd5 20. cxd5 Nd4 21. Bf1 Bf5 22. Rbc1 Nc2 23. Be7 Re8 24. d6 Nd4 25. Rc4 Nb5 26. d7 1-0


[Site "https://www.chess.com"]

[Event "Titled Tuesday Blitz August 09 Early 2022"]
[White "Kiseljova, Marya"]
[Black "Gatterer, Florian"]
[WhiteFideId "4155009"]
[BlackFideId "811688"]
[WhiteElo "1697"]
[BlackElo "2218"]
[Result "1/2-1/2"]
[Round "10"]
[TimeControl "180+1"]
[Date "2022.08.09"]
[WhiteClock "0:02:13"]
[BlackClock "0:02:19"]

1. d4 d5 2. c4 e6 3. Nf3 a6 4. g3 dxc4 5. Bg2 b5 6. Ne5 Ra7 7. a4 Bb7 8. Bxb7 Rxb7 9. axb5 axb5 10. Ra8 Bb4+ 11. Bd2 Bxd2+ 12. Qxd2 Ne7 1/2-1/2


[Site "https://www.chess.com"]

[Event "Titled Tuesday Blitz August 09 Early 2022"]
[White "Korchmar, Vasiliy"]
[Black "Kukreja, Sankalp"]
[WhiteFideId "24131750"]
[BlackFideId "45027676"]
[WhiteElo "2370"]
[BlackElo "2004"]
[Result "1-0"]
[Round "10"]
[TimeControl "180+1"]
[Date "2022.08.09"]
[WhiteClock "0:02:37"]
[BlackClock "0:02:21"]

1. e4 c5 2. Nf3 e6 3. d4 cxd4 4. Nxd4 Nc6 5. Nc3 Qc7 6. g3 a6 7. Bg2 Nf6 8. O-O Nxd4 9. Qxd4 Bc5 10. Bf4 d6 11. Qd3 Ng4 12. Rad1 Ne5 13. Bxe5 dxe5 14. Na4 Ba7 15. c4 O-O 16. c5 Bd7 17. Qxd7 1-0


[Site "https://www.chess.com"]

[Event "Titled Tuesday Blitz August 09 Early 2022"]
[White "Kravtsiv, Martyn"]
[Black "Pulpan, Jakub"]
[WhiteFideId "14113147"]
[BlackFideId "302759"]
[WhiteElo "2694"]
[BlackElo "2451"]
[Result "0-1"]
[Round "10"]
[TimeControl "180+1"]
[Date "2022.08.09"]
[WhiteClock "0:00:03"]
[BlackClock "0:00:24"]

1. e4 c5 2. Nf3 Nc6 3. d4 cxd4 4. Nxd4 g6 5. Nc3 Bg7 6. Be3 Nf6 7. Bc4 O-O 8. Bb3 d5 9. exd5 Na5 10. O-O Nxb3 11. Nxb3 b6 12. d6 e6 13. Qf3 Rb8 14. Rad1 Bb7 15. Qh3 Nd5 16. Nxd5 Bxd5 17. Bh6 b5 18. Bxg7 Kxg7 19. Qg3 Rb6 20. Qc3+ Kg8 21. Qa5 Qxd6 22. Qxa7 Ra6 23. Qd4 Rxa2 24. Rd2 Qc6 25. f3 Qc4 26. Qf6 Qc7 27. Nd4 Qd8 28. Qe5 Qb8 29. Qf6 Qd8 30. Qxd8 Rxd8 31. b3 Rb8 32. Rfd1 b4 33. Kf2 Ra7 34. Re1 h5 35. g3 Kg7 36. Rdd1 Rc8 37. f4 Kf6 38. Ra1 Rxa1 39. Rxa1 Be4 40. Re1 Bf5 41. Re2 Bg4 42. Re5 Bf5 43. Re2 Rc3 44. Ke1 h4 45. gxh4 Rh3 46. Nc6 Bg4 47. Rf2 Re3+ 48. Kd2 Re4 49. Ne5 Bf5 50. Nd7+ Ke7 51. Nc5 Rd4+ 52. Ke3 Rd5 53. Nd3 Bxd3 54. cxd3 Rc5 55. Rb2 Rc3 56. Kd4 Kf6 57. Rg2 Rxb3 58. Rc2 Rb1 59. Rc7 b3 60. Rb7 Rf1 61. Rxb3 Rxf4+ 62. Kc5 Rxh4 63. d4 Rxh2 64. Kd6 Rh5 65. Rf3+ Rf5 0-1


[Site "https://www.chess.com"]